 Dungeon Crawl Stone Soup version 0.28.0-45-g0d030f2227 (webtiles) character file.

Game seed: 6992180105245156425

203 L33tCrusader the Poker (level 5, -1/41 HPs)
             Began as a Merfolk Gladiator on Apr 15, 2022.
             Succumbed to an orc priest's poison
             ... on level 4 of the Dungeon.
             The game lasted 00:11:59 (3109 turns).

L33tCrusader the Poker (Merfolk Gladiator)          Turns: 3109, Time: 00:11:59

Health: -1/41      AC:  7    Str: 17    XL:     5   Next: 81%
Magic:  5/5        EV:  9    Int:  7    God:
Gold:   73         SH: 12    Dex: 15    Spells: 4/4 levels left

rFire   . . .      SeeInvis .   a - +1 trident (elec)
rCold   . . .      Faith    .   l - +0 tower shield
rNeg    . . .      Spirit   .   j - +0 ring mail
rPois   .          Reflect  .   c - +0 helmet
rElec   .          Harm     .   (no cloak)
rCorr   .          Rampage  .   m - +0 pair of gloves
Will    .....                   (no boots)
Stlth   +.........              (no amulet)
HPRegen 0.13/turn               (no ring)
MPRegen 0.09/turn               (no ring)

@: lethally poisoned (-1 -> -13), on berserk cooldown, slowed, very slow
A: (nimble swimmer 2), mertail
a: no special abilities


You were on level 4 of the Dungeon.
You visited 1 branch of the dungeon, and saw 4 of its levels.

You collected 73 gold pieces.

Inventory:

Hand Weapons
 a - a +1 trident of electrocution (weapon)
 g - a +2 quarterstaff of chaos
Missiles
 d - 3 throwing nets (quivered)
Armour
 b - a +0 leather armour
 c - a +0 helmet (worn)
 e - a +0 buckler
 j - a +0 ring mail (worn)
 l - a +0 tower shield (worn)
 m - a +0 pair of gloves (worn)
Wands
 n - a wand of mindburst (20)
Scrolls
 o - a scroll of identify
 p - a scroll of holy word {unknown}
Potions
 f - a potion of mutation {unknown}
 i - a potion of cancellation {unknown}
 k - a potion of ambrosia {unknown}
 q - a potion of lignification {unknown}


   Skills:
 + Level 3.0 Fighting
 * Level 6.0 Polearms
 + Level 3.1 Throwing
 * Level 5.5 Dodging
 + Level 1.4 Shields


You had 4 spell levels left.
You didn't know any spells.
Your spell library contained the following spells:

 Spells                   Type           Power      Damage    Failure   Level
 Corpse Rot               Necr/Air       0%         N/A       100%        2
 Poisonous Vapours        Pois/Air       0%         N/A       100%        2
 Airstrike                Air            0%         N/A       100%        4
 Summon Lightning Spire   Summ/Air       0%         N/A       100%        4
 Lightning Bolt           Conj/Air       0%         1d11      100%        5


Dungeon Overview and Level Annotations

Branches:
Dungeon (4/15)
 Temple: D:4-7

Altars:
Sif Muna

Shops:
D:3 ?


Innate Abilities, Weirdness & Mutations

((You are very nimble when in or above water. (Stealth+, EV+, Speed+++)))
Your lower body shifts to a powerful aquatic tail in water.


Message History

You hit the orc wizard but do no damage.
The orc wizard is almost dead.
The orc wizard points at you and mumbles some strange words.
The puff of flame hits you.
* * * LOW HITPOINT WARNING * * *
You puncture the orc wizard!
You kill the orc wizard!
The orc priest mumbles some strange prayers to Beogh against you.
Pain shoots through your body!
* * * LOW HITPOINT WARNING * * *
You barely miss the orc. You puncture the orc!
You kill the orc!
You closely miss the orc.
The orc priest invokes the aid of Beogh against you.
Beogh smites you!
* * * LOW HITPOINT WARNING * * *
You puncture the orc! Lightning courses through the orc!
You kill the orc!
You hit the orc priest.
You kill the orc priest!
An orc priest comes into view. It is wielding a +1 mace of venom.
Your Fighting skill increases to level 3!
Your Polearms skill increases to level 6!
Things that are here:
a +0 dagger; a +0 short sword You feel a strong urge to attack something.
You are no longer berserk.
You are exhausted.
You feel yourself slow down. You block the orc priest's attack.
You hit the orc priest.
Lightning courses through the orc priest!
The orc priest is severely wounded.
You block the orc priest's attack.
The orc priest hits you but does no damage.
You are lethally poisoned!
You hit the orc priest.
The orc priest is severely wounded.
You die...

# ... ###..#####
......o@.#
#####.###)#######
.......<)........
####....#..######
#...##..# #...
.".# ###+ ##.# .#
.#


You could see an orc priest.

Vanquished Creatures
  Crazy Yiuf (D:2)
  An orc priest (D:4)
  A centaur skeleton (D:3)
  An orc wizard (D:4)
  A hound skeleton (D:3)
  2 adders
  2 worms
  2 dart slugs
  2 orcs (D:4)
  3 ball pythons
  8 bats
  6 endoplasms
  A giant cockroach (D:1)
  7 goblins
  3 hobgoblins
  6 kobolds
  3 quokkas (D:2)
  A frilled lizard (D:1)
  2 rats
53 creatures vanquished.

Notes
Turn   | Place    | Note
-------+----------+-------------------------------------------
     0 | D:1      | L33tCrusader the Merfolk Gladiator began the quest for the
                  | Orb.
     0 | D:1      | Reached XP level 1. HP: 16/16 MP: 1/1
   167 | D:1      | Reached XP level 2. HP: 11/22 MP: 2/2
  1101 | D:2      | Reached XP level 3. HP: 28/28 MP: 3/3
  1111 | D:2      | Reached skill level 5 in Polearms
  1995 | D:2      | Found a runed translucent door.
  1996 | D:2      | Noticed Crazy Yiuf
  2164 | D:2      | Killed Crazy Yiuf
  2165 | D:2      | Reached XP level 4. HP: 3/34 MP: 4/4
  2533 | D:3      | Found a shimmering blue altar of Sif Muna.
  2611 | D:3      | Reached skill level 5 in Dodging
  2614 | D:3      | Reached skill level 1 in Shields
  2665 | D:3      | Found Ijazicef's Magic Scroll Boutique.
  2812 | D:3      | Reached XP level 5. HP: 39/39 MP: 5/5
  3105 | D:4      | Reached skill level 6 in Polearms
  3109 | D:4      | Succumbed to an orc priest's poison

Illustrated notes

Levels and vault maps discovered:
D:1:      dpeg_arrival_chambers_temple_mockup, layout_loops_ring,
          hangedman_decor_opposing
D:2:      layout_basic, uniq_crazy_yiuf_cottage
D:3:      layout_rooms, led_sif_pool, serial_shops,
          nicolae_shop_advertising_works [nicolae_subvault_shop_adworks],
          minmay_fractal_squares_gapless_5
D:4:      layout_basic, grunt_temple_overflow_lords_of_destruction,
          grunt_dithmenos_smoke_and_mirrors, uniq_natasha, uniq_sigmund

Skill      XL: |  1  2  3  4  5 |
---------------+----------------+-----
Polearms       | 5 6 |  6.0
Dodging        | 5 |  5.5
Shields        | 1 |  1.4
Throwing       | 3 |  3.1
Fighting       | 3 |  3.0

Action                   |  1- 3 |  4- 6 || total
-------------------------+-------+-------++-------
Melee: Trident           |   116 |    62 ||   178
  Use: Scroll            |     5 |       ||     5
       Potion            |       |     1 ||     1
Armor: Leather armour    |    25 |       ||    25
       Ring mail         |    20 |    10 ||    30
Dodge: Dodged            |    48 |    14 ||    62
Block: Buckler           |    10 |       ||    10
       Tower shield      |    23 |    30 ||    53
